 Dungeon Crawl Stone Soup version 0.28-a0-948-gee6e0bcda6 (webtiles) character file.

Game seed: 94365022910582098

4608 BinkBink the Thaumaturge (level 10, -4/44 HPs)
             Began as a Spriggan Conjurer on Nov 30, 2021.
             Was an Initiate of Gozag.
             Slain by a two-headed ogre (28 damage)
             ... on level 8 of the Dungeon.
             The game lasted 00:34:23 (13478 turns).

BinkBink the Thaumaturge (Spriggan Conjurer)       Turns: 13478, Time: 00:34:24

Health: -4/44      AC:  3    Str:  4    XL:     10   Next: 19%
Magic:  27/27      EV: 19    Int: 22    God:    Gozag
Gold:   1038       SH:  0    Dex: 14    Spells: 27/33 levels left

rFire   . . .      SeeInvis +   b - +4 quarterstaff (chaos)
rCold   . . .      Faith    .   (shield currently unavailable)
rNeg    . . .      Spirit   .   a - +0 robe
rPois   .          Reflect  .   (helmet restricted)
rElec   .          Harm     .   u - +0 cloak
rCorr   .          Rampage  .   (gloves unavailable)
Will    +....                   (boots unavailable)
Stlth   ++++......              A - amulet of magic regeneration
HPRegen 0.14/turn               (no ring)
MPRegen 0.60/turn               (no ring)

@: very quick
A: very small, no large weapons, unfitting armour, see invisible, speed 3
a: Renounce Religion, Potion Petition, Call Merchant, Bribe Branch


You were on level 8 of the Dungeon.
You worshipped Gozag.
Gozag was most pleased with you.
You visited 1 branch of the dungeon, and saw 8 of its levels.
You also visited: Ossuary.

You collected 1508 gold pieces.
You spent 470 gold pieces at shops.

Inventory:

Hand Weapons
 b - a +4 quarterstaff of chaos (weapon)
 x - a +4 vorpal flail
Armour
 a - a +0 robe (worn)
 u - a +0 cloak (worn)
Jewellery
 A - an amulet of magic regeneration (around neck)
Scrolls
 d - a scroll of magic mapping {unknown}
 e - 5 scrolls of teleportation
 i - a scroll of amnesia {unknown}
 j - 3 scrolls of immolation
 k - 3 scrolls of holy word
 l - 3 scrolls of enchant weapon
 m - a scroll of brand weapon {unknown}
 o - a scroll of fog {unknown}
 y - a scroll of vulnerability
 C - a scroll of noise
Potions
 c - 3 potions of attraction {unknown}
 f - 5 potions of curing
 g - a potion of mutation {unknown}
 h - a potion of ambrosia {unknown}
 n - 2 potions of brilliance
 p - 5 potions of degeneration
 q - a potion of might
 r - a potion of flight
 s - a potion of haste
 t - a potion of resistance
 v - a potion of magic {unknown}
 w - 2 potions of lignification {unknown}
 B - 3 potions of heal wounds


   Skills:
 + Level 0.5 Fighting
 + Level 0.8 Staves
 + Level 6.0 Dodging
 * Level 7.5 Stealth
 + Level 12.0 Spellcasting
 - Level 7.7 Conjurations


You had 27 spell levels left.
You knew the following spells:

 Your Spells              Type           Power      Damage    Failure   Level
a - Magic Dart            Conj           100%       1d8       1%          1
b - Searing Ray           Conj           94%        2d7       1%          2
c - Dazzling Flash        Conj/Hex       60%        N/A       3%          3

Your spell library contained the following spells:

 Spells                   Type           Power      Damage    Failure   Level
 Mephitic Cloud           Conj/Pois/Air  24%        N/A       4%          3
 Fulminant Prism          Conj/Hex       15%        3d11      10%         4
 Iskenderun's Mystic Bla  Conj/Tloc      30%        2d8       10%         4
 Ignite Poison            Fire/Tmut/Pois 13%        N/A       14%         3
 Freezing Cloud           Conj/Ice/Air   12%        6-21      43%         5
 Simulacrum               Ice/Necr       6%         N/A       100%        6
 Polar Vortex             Ice            6%         N/A       100%        9


Dungeon Overview and Level Annotations

Branches:
Dungeon (8/15)             Temple (0/1) D:5         Ossuary (visited)
   Lair: D:8-11

Altars:
Gozag

Shops:
D:1 !   D:6 ?


Innate Abilities, Weirdness & Mutations

You are very small and have problems with some larger weapons.
You are too small for most types of armour.
You have supernaturally acute eyesight. (SInv)
You cover ground extremely quickly. (Speed+++)


Message History

The magic dart hits the two-headed ogre.
The two-headed ogre is lightly wounded.
The two-headed ogre shouts in stereo!
The magic dart hits the two-headed ogre.
The two-headed ogre is lightly wounded.
The magic dart hits the two-headed ogre.
The two-headed ogre is lightly wounded.
There is a stone staircase leading up, spattered with blood here.
You can't see any susceptible monsters within range! (Use Z to cast anyway.)
The magic dart hits the two-headed ogre.
The two-headed ogre is moderately wounded.
The magic dart hits the two-headed ogre.
The two-headed ogre is moderately wounded.
The magic dart hits the two-headed ogre.
The two-headed ogre is moderately wounded.
The magic dart hits the two-headed ogre.
The two-headed ogre is heavily wounded.
The two-headed ogre misses you.
The two-headed ogre hits you with a +0 giant spiked club.
The magic dart hits the two-headed ogre but does no damage.
The two-headed ogre is heavily wounded.
The magic dart hits the two-headed ogre.
The two-headed ogre is heavily wounded.
The magic dart hits the two-headed ogre but does no damage.
The two-headed ogre is heavily wounded.
The magic dart hits the two-headed ogre.
The two-headed ogre is heavily wounded.
The magic dart hits the two-headed ogre.
The two-headed ogre is severely wounded.
The magic dart hits the two-headed ogre.
The two-headed ogre is severely wounded.
The magic dart hits the two-headed ogre.
The two-headed ogre is almost dead.
The magic dart hits the two-headed ogre but does no damage.
The two-headed ogre is almost dead.
The two-headed ogre hits you with a +0 giant club!!
The two-headed ogre hits you with a +0 giant spiked club!!
Ouch! That really hurt!
You die...
Your body crumbles into a pile of gold.

#######
#.....#
#...@O#
#.....#..
#.....#.. ...
#.....'......
#.....##....#
#.....# ....#
#.....##.....
#............
#............


You could see a two-headed ogre.

Vanquished Creatures
  A hydra (D:7)
  A hornet (D:5)
  Sigmund (D:5)
  A yak (D:7)
  A wraith (D:7)
  2 steam dragons
  Edmund (D:5)
  A water moccasin (D:8)
  A sky beast (D:5)
  An ice beast (D:6)
  An orc warrior (D:6)
  3 black bears
  A hornet zombie (Ossuary)
  2 ogres
  2 centaurs
  A kobold brigand (D:6)
  4 water moccasin zombies (Ossuary)
  A howler monkey (D:6)
  4 bullfrog zombies
  6 centaur zombies
  3 hounds
  A jelly (D:6)
  Crazy Yiuf (D:3)
  2 orc priests (D:7)
  2 gnoll shamans
  A centaur skeleton (D:5)
  13 mummies (Ossuary)
  3 iguanas
  8 orc wizards
  6 killer bee zombies
  2 howler monkey zombies (Ossuary)
  11 gnolls
  2 howler monkey skeletons
  2 adders
  A shadow imp (D:6)
  2 dart slugs
  A worm (D:4)
  23 orcs
  8 endoplasms
  4 giant cockroaches
  A goblin (D:2)
  6 hobgoblins
  7 jackals (D:3)
  2 quokkas
  3 ball pythons
  6 bats
  4 frilled lizards
  13 kobolds
  A quokka skeleton (D:4)
  5 rats
180 creatures vanquished.

Vanquished Creatures (others)
  4 withered plants (Ossuary)
4 creatures vanquished.

Grand Total: 184 creatures vanquished

Notes
Turn   | Place    | Note
-------+----------+-------------------------------------------
     0 | D:1      | BinkBink the Spriggan Conjurer began the quest for the Orb.
     0 | D:1      | Reached XP level 1. HP: 9/9 MP: 5/5
   284 | D:1      | Reached XP level 2. HP: 13/13 MP: 3/6
   412 | D:1      | Found a faded altar of an unknown god.
   415 | D:1      | Prayed at the altar of an unknown god.
   415 | D:1      | Became a worshipper of Gozag Ym Sagoz the Greedy
   866 | D:1      | Found Alyvar's Distillery.
   872 | D:1      | Bought a potion of invisibility for 80 gold pieces
  1299 | D:2      | You fall into a shaft and drop 1 floor!
  1398 | D:3      | Found a runed translucent door.
  1399 | D:3      | Noticed Crazy Yiuf
  1895 | D:3      | Reached XP level 3. HP: 16/16 MP: 1/8
  2001 | D:3      | Reached skill level 3 in Spellcasting
  3329 | D:2      | Reached XP level 4. HP: 21/21 MP: 4/9
  3719 | D:3      | Learned a level 2 spell: Searing Ray
  3785 | D:4      | Identified the +2 leather armour of the Catfish {Harm MP+9
                  | Dex+2 SInv}
  4137 | D:4      | Reached XP level 5. HP: 16/24 MP: 1/11
  4228 | D:4      | Reached skill level 4 in Spellcasting
  4321 | D:4      | Noticed an ogre
  4682 | D:4      | Killed an ogre
  4683 | D:4      | Reached XP level 6. HP: 28/28 MP: 7/14
  4739 | D:4      | Reached skill level 5 in Spellcasting
  5392 | D:4      | Noticed a steam dragon
  5453 | D:4      | Killed a steam dragon
  5454 | D:4      | Reached skill level 6 in Spellcasting
  5454 | D:4      | Reached skill level 5 in Conjurations
  5922 | D:5      | Entered Level 5 of the Dungeon
  5922 | D:5      | Noticed Sigmund
  5922 | D:5      | Noticed a sky beast
  6008 | D:5      | Reached XP level 7. HP: 32/32 MP: 12/17
  6454 | D:1      | Bought a potion of might for 40 gold pieces
  6454 | D:1      | Bought a potion of curing for 30 gold pieces
  6454 | D:1      | Bought a potion of heal wounds for 50 gold pieces
  6454 | D:1      | Bought a potion of brilliance for 40 gold pieces
  6454 | D:1      | Bought a potion of flight for 30 gold pieces
  6454 | D:1      | Bought a potion of haste for 100 gold pieces
  6454 | D:1      | Bought a potion of resistance for 100 gold pieces
  6631 | D:3      | Killed Crazy Yiuf
  6930 | D:5      | Noticed a hornet
  7088 | D:5      | Reached skill level 7 in Spellcasting
  7345 | D:5      | Killed Sigmund
  7346 | D:5      | Reached XP level 8. HP: 33/36 MP: 9/20
  7514 | D:5      | Reached skill level 8 in Spellcasting
  7577 | D:5      | Noticed Edmund
  7595 | D:5      | Killed Edmund
  7813 | D:5      | Paralysed by a hornet for 2 turns
  7926 | D:5      | Killed a hornet
  8296 | D:5      | Found a staircase to the Ecumenical Temple.
  8432 | D:6      | Reached skill level 9 in Spellcasting
  9180 | D:6      | Reached skill level 5 in Stealth
  9180 | D:6      | Reached XP level 9. HP: 38/39 MP: 5/23
  9828 | D:6      | Found Ifeutees's Magic Scroll Emporium.
 10194 | D:7      | Found a sand-covered staircase.
 10203 | Ossuary  | Entered an ossuary
 10215 | Ossuary  | Reached skill level 10 in Spellcasting
 10514 | Ossuary  | Reached skill level 5 in Dodging
 11829 | D:7      | Reached skill level 11 in Spellcasting
 12399 | D:7      | Noticed a five-headed hydra
 12722 | D:7      | Killed a five-headed hydra
 12723 | D:7      | Reached XP level 10. HP: 44/44 MP: 24/26
 12808 | D:7      | Noticed a deep elf pyromancer
 12808 | D:7      | Noticed a deep elf pyromancer
 12814 | D:7      | Noticed a green ugly thing
 13102 | D:6      | Learned a level 3 spell: Dazzling Flash
 13195 | D:8      | Reached skill level 12 in Spellcasting
 13417 | D:8      | Noticed a two-headed ogre
 13478 | D:8      | Slain by a two-headed ogre

Illustrated notes

Levels and vault maps discovered:
D:1:      lightli_arrival_farm, layout_basic,
          shapermc_ecumenical_altar_mp_vishouse, serial_shops,
          nicolae_shop_trees
D:2:      layout_rooms
D:3:      layout_loops_corners, uniq_crazy_yiuf_cottage
D:4:      layout_layer_cave
D:5:      layout_loops_cross, minmay_temple_entry_statues_pillars,
          chequers_decorated_corner, uniq_sigmund, uniq_edmund
D:6:      layout_basic, serial_shops, nicolae_take_the_stairs
D:7:      minmay_the_grid_triangle_9x9_rhombus_thin
          [minmay_the_grid_triangle_9x9_warning,
          minmay_the_grid_triangle_9x9_prize_insulated,
          minmay_the_grid_triangle_9x9_zippers_horizontal,
          minmay_the_grid_triangle_9x9_swiss_cheese], layout_loops_cross,
          nicolae_ossuary_entry_ruins, chequers_arboretum
D:8:      layout_gridville, general_overflow_altar

Skill      XL: |  1  2  3  4  5  6  7  8  9 10 |
---------------+-------------------------------+-----
Conjurations   | 3 4 5 6 7 |  7.7
Spellcasting   | 3 4 6 7 9 11 12 | 12.0
Stealth        | 4 5 7 |  7.5
Dodging        | 3 4 5 6 |  6.0
Fighting       | |  0.5
Staves         | |  0.8

Action                   |  1- 3 |  4- 6 |  7- 9 | 10-12 || total
-------------------------+-------+-------+-------+-------++-------
Melee: Unarmed           |     3 |       |       |       ||     3
       Quarterstaff      |       |       |    33 |       ||    33
 Cast: Magic Dart        |   113 |   102 |   329 |    34 ||   578
       Searing Ray       |       |     6 |    56 |     4 ||    66
       Dazzling Flash    |       |       |       |     1 ||     1
  Use: Scroll            |       |       |     6 |     1 ||     7
       Potion            |       |       |     4 |       ||     4
 Stab: Sleeping          |     1 |       |       |       ||     1
       Invisible         |       |       |     3 |       ||     3
Armor: Robe              |     2 |     2 |    26 |     1 ||    31
Dodge: Dodged            |    10 |     9 |   144 |    11 ||   174

Table legend: (Time is in decaauts)
 A = Elapsed time spent in this place.
 B = Non-inter-level travel time spent in this place.
 C = Inter-level travel time spent in this place.
 D = Time resting spent in this place.
 E = Time spent auto-exploring this place.
 F = Levels seen in this place.
 G = Mean time per level.
                   A        B        C        D        E       F      G
               +--------+--------+--------+--------+--------+-----+--------+
         Total |  10731 |  10325 |    406 |      0 |   8387 |   9 | 1192.3 |
       Dungeon |   9355 |   8949 |    406 |      0 |   7322 |   8 | 1169.4 |
       Ossuary |   1375 |   1375 |      0 |      0 |   1065 |   1 | 1375.0 |
               +--------+--------+--------+--------+--------+-----+--------+

Top non-repeatable levels by time:
     D:4: 1730 daAuts
     D:6: 1651 daAuts
     D:3: 1458 daAuts
 Ossuary: 1375 daAuts
     D:5: 1360 daAuts
     D:7: 970 daAuts
     D:2: 966 daAuts
     D:1: 957 daAuts
     D:8: 259 daAuts
